 Dungeon Crawl Stone Soup version 0.29-a0-187-ga23d9638d5 (webtiles) character file.

Game seed: 9910740117981563704

25 Hasart the Sneak (level 2, 0/19 HPs)
             Began as a Vampire Enchanter on Feb 21, 2022.
             Succumbed to an adder's poison
             ... on level 2 of the Dungeon.
             The game lasted 00:03:55 (1083 turns).

Hasart the Sneak (Vampire Enchanter)                Turns: 1083, Time: 00:03:55

Health: 0/19       AC:  2    Str:  7    XL:     2   Next: 86%
Magic:  5/5        EV: 12    Int: 17    God:
Gold:   63         SH:  0    Dex: 14    Spells: 5/5 levels left

rFire   . . .      SeeInvis +   a - +1 dagger
rCold   . . .      Faith    .   (no shield)
rNeg    . . .      Spirit   .   b - +0 robe
rPois   .          Reflect  .   (no helmet)
rElec   .          Harm     .   (no cloak)
rCorr   .          Rampage  .   (no gloves)
Will    .....                   (no boots)
Stlth   +++.......              (no amulet)
HPRegen 0.26/turn               (no ring)
MPRegen 0.09/turn               (no ring)

@: lethally poisoned (0 -> -3), healing quickly
A: alive, fangs 3, see invisible, vampiric 1
a: Exsanguinate


You were on level 2 of the Dungeon.
You visited 1 branch of the dungeon, and saw 2 of its levels.

You collected 63 gold pieces.

Inventory:

Hand Weapons
 a - a +1 dagger (weapon)
Armour
 b - a +0 robe (worn)
 m - a +0 pair of boots
Scrolls
 d - a scroll of identify {unknown}
 f - a scroll of amnesia {unknown}
 g - a scroll of blinking {unknown}
 h - a scroll of enchant armour {unknown}
 i - a scroll of holy word {unknown}
Potions
 c - a potion of invisibility
 e - a potion of curing {unknown}
 j - 2 potions of lignification {unknown}
 k - a potion of flight {unknown}
 l - a potion of ambrosia {unknown}


   Skills:
 + Level 1.6 Short Blades
 + Level 2.5 Dodging
 + Level 4.8 Stealth
 + Level 2.2 Spellcasting
 + Level 4.7 Hexes


You had 5 spell levels left.
You didn't know any spells.
Your spell library contained the following spells:

 Spells                   Type           Power      Damage    Failure   Level
 Confusing Touch          Hex            18%        N/A       8%          3
 Tukima's Dance           Hex            18%        N/A       8%          3
 Ensorcelled Hibernation  Hex/Ice        20%        N/A       11%         2
 Dazzling Flash           Conj/Hex       20%        N/A       22%         3


Dungeon Overview and Level Annotations

Branches:
Dungeon (2/15)

Altars:
The Shining One


Innate Abilities, Weirdness & Mutations

Your natural rate of healing is accelerated.
You have razor-sharp teeth.
You have supernaturally acute eyesight. (SInv)
You are afflicted with vampirism.


Message History

You kill the goblin!
The ball python hisses angrily.
You hit the ball python.
You kill the ball python!
No target in view!
No target in view!
An adder comes into view.
You see here a +0 pair of boots.
m - a +0 pair of boots You hit the adder.
The adder is moderately wounded.
The adder bites you.
You barely miss the adder.
The adder is moderately wounded.
The adder bites you.
You closely miss the adder.
The adder is moderately wounded.
The adder barely misses you. x2
You barely miss the adder.
The adder is moderately wounded.
The adder bites you.
You hit the adder.
The adder is moderately wounded.
The adder bites you.
You closely miss the adder.
The adder is moderately wounded.
The adder closely misses you.
You hit the adder but do no damage.
The adder is moderately wounded.
The adder misses you.
You hit the adder.
The adder is heavily wounded.
The adder bites you.
* * * LOW HITPOINT WARNING * * *
You are poisoned.
The adder poisons you! The adder bites you.
* * * LOW HITPOINT WARNING * * *
You hit the adder.
The adder is heavily wounded.
You die...

#..........# #.....
#####..#.......#
######
#..)...#.........
##.###.##....######
#!.###.........###..
#........#..###....##
###.##.)........####
#..............
#......@.......
#.._..<#S......
#................
#........#.......
##..##.#...#..... #..
#........... ##.
#...........
#...........


You could see an adder.

Vanquished Creatures
  A dart slug (D:1)
  2 bats
  7 endoplasms (D:1)
  A goblin (D:2)
  A hobgoblin (D:1)
  2 quokkas (D:1)
  A ball python (D:2)
  A frilled lizard (D:1)
  2 kobolds (D:1)
  3 rats (D:1)
21 creatures vanquished.

Notes
Turn   | Place    | Note
-------+----------+-------------------------------------------
     0 | D:1      | Hasart the Vampire Enchanter began the quest for the Orb.
     0 | D:1      | Reached XP level 1. HP: 13/13 MP: 3/3
   348 | D:1      | Reached XP level 2. HP: 19/19 MP: 5/5
  1083 | D:2      | Succumbed to an adder's poison

Illustrated notes

Levels and vault maps discovered:
D:1:      dpeg_arrival_court, layout_basic
D:2:      layout_basic, basic_altar, hellmonk_ecumenical_altar_prayer_group

Action                   || total
-------------------------++-------
Melee: Dagger            ||    72
       Bite              ||     6
       Punch             ||     1
 Stab: Sleeping          ||     5
Armor: Robe              ||     9
Dodge: Dodged            ||    24

Table legend: (Time is in decaauts)
 A = Elapsed time spent in this place.
 B = Non-inter-level travel time spent in this place.
 C = Inter-level travel time spent in this place.
 D = Time resting spent in this place.
 E = Time spent auto-exploring this place.
 F = Levels seen in this place.
 G = Mean time per level.
                   A        B        C        D        E       F      G
               +--------+--------+--------+--------+--------+-----+--------+
         Total |   1077 |   1021 |     56 |      0 |    828 |   2 |  538.5 |
       Dungeon |   1077 |   1021 |     56 |      0 |    828 |   2 |  538.5 |
               +--------+--------+--------+--------+--------+-----+--------+

Top non-repeatable levels by time:
     D:1: 1022 daAuts
     D:2: 54 daAuts
